 Dungeon Sprint DCSS version 0.30-a0-469-g84de5afbc5 (webtiles) character file.

Game seed: 13165247876008899493

3700000 NinjaNoafa the Champion of Chaos (level 20, -11/174 HPs)
             Began as a Djinni Gladiator on Dec 19, 2022.
             Was the Champion of Makhleb.
             Mangled by a meat berserker
             ... wielding a +9 battleaxe
              (80 damage)
             ... in the Dungeon (Sprint VIII: "Arena of Blood").
             The game lasted 00:01:27 (37 turns).

NinjaNoafa the Champion of Chaos (Djinni Gladiator)   Turns: 37, Time: 00:01:28

Health: -11/174    AC:  4    Str: 13    XL:     20   Next: 32%
Gold:   0          EV: 32    Int: 13    God:    Makhleb [******] SH:  0 Dex: 21

rFire   + + .      SeeInvis .    k - +∞ Axe of Woe
rCold   x . .      Faith    .    (shield currently unavailable)
rNeg    . . .      Spirit   .    b - +0 leather armour
rPois   ∞          Reflect  .    c - +0 helmet
rElec   .          Harm     .    (no cloak)
rCorr   .          Rampage  .    (no gloves)
Will    ++...      NoTele   +    (boots unavailable)
Stlth   ++........               (no amulet)
HPRegen 0.49/turn                (no ring)
MPRegen 0.00/turn                (no ring)

@: flying
A: sickness immunity, fire resistance 2, cold vulnerability 1, float, innate
caster, HP casting, extra vitality 1
a: Renounce Religion, Minor Destruction, Lesser Servant of Makhleb, Major
Destruction, Greater Servant of Makhleb


You were in the Dungeon.
You worshipped Makhleb.
Makhleb was exalted by your worship.
You visited 1 branch

Inventory:

Hand Weapons
 a - a +0 war axe
 k - the +∞ Axe of Woe (weapon)
   (You found it in the Dungeon)
Missiles
 d - 3 throwing nets (quivered)
 e - a javelin
Armour
 b - a +0 leather armour (worn)
 c - a +0 helmet (worn)
Scrolls
 j - a scroll of blinking
Potions
 f - a potion of curing
 g - a potion of heal wounds
 h - a potion of haste
 i - a potion of berserk rage


   Skills:
 + Level 24.5 Fighting
 + Level 24.4 Axes
 + Level 19.5 Throwing
 O Level 27 Dodging
 O Level 27 Spellcasting
 O Level 27 Invocations


You had 34 spell levels left.
You knew the following spells:

 Your Spells              Type           Power      Damage    Failure   Level
a - Kiss of Death         Conj/Necr      100%       2d13      0%          1
b - Passwall              Tmut/Erth      60%        N/A       0%          2
c - Hailstorm             Conj/Ice       73%        3d15      0%          3
d - Stone Arrow           Conj/Erth      100%       3d13      0%          3
e - Borgnjor's Vile Clut  Necr/Erth      36%        N/A       0%          5
f - Summon Mana Viper     Hex/Summ       73%        N/A       0%          5
g - Eringya's Noxious Bo  Tmut/Pois      36%        N/A       0%          6
h - Summon Hydra          Summ           36%        N/A       1%          7
i - Haunt                 Necr/Summ      36%        N/A       1%          7
Your spell library was empty.

Dungeon Overview and Level Annotations

Branches:
Dungeon (1/1)

Altars:
Makhleb


Innate Abilities, Weirdness & Mutations

You are immune to sickness and miasma.
You are immune to poison.
Your flesh is very heat resistant. (rF++)
You are vulnerable to cold. (rC-)
You float through the air rather than walking.
You learn spells naturally, not from books.
Your magical power is your life essence.
You have superior vitality. (+4 MHP)


Message History

A meat berserker comes into view. It is wielding a +9 battleaxe.
You hear a shout! x2
Your Fighting skill increases to level 24!
Your Axes skill gained 2 levels and is now at level 24!
You have mastered Dodging!
You have reached level 20!
You feel agile.
Casting: Summon Mana Viper (safe; 0% risk of failure)
Confirm with . or Enter, or press ? or * to list all spells.
Aiming: Haunt (safe; 1% risk of failure)
Press: ? - help, Dir - move target, f - eight-headed meat hydra
Aim: an eight-headed meat hydra Really haunt your foes while emitting a noxious bog?
Insubstantial figures form in the air.
The destroyer appears out of thin air!
A destroyer comes into view. It is wielding a +9 vorpal great sword.
You are engulfed in blazing flames.
You resist.
The destroyer shouts!
You hear a shout! x2
The large bag of meat hits your wraith with a +9 giant spiked club!!!!
Your wraith is destroyed!
Your wraith disappears in a puff of smoke!
You hear a shout! x2
The meat berserker is engulfed in blazing flames.
The meat berserker festers in the toxic bog.
The meat berserker looks as sick as possible!
The eight-headed meat hydra calls on the powers of darkness!
The eight-headed meat hydra convulses!
The large bag of meat convulses!
Flame seeps out of the large bag of meat.
The bag of meat convulses!
The meat berserker convulses!
Your mana viper convulses!
Your body is wracked with pain!
The meat berserker convulses! x2
The bag of meat convulses!
You hear a shout! x3
A meat berserker comes into view. It is wielding a +9 battleaxe.
You hear a shout!
You swap places.
You are engulfed in blazing flames.
You resist.
Your noxious spew wanes.
You hear a shout!
The meat berserker is engulfed in blazing flames.
The meat berserker hits you with a +9 battleaxe!!!!
You die...

..O........
...........
.........
#.......# . #..
....# .. ..###☼z
..o###...
.....§O###O.......
....§☼O§_)))......
.....#O@S))#......
... #o.<._# .....
. #..W..# ....
..W...z...V. ...
.....D###........
.###.§ ...###...


#OV ...# . #.. o..# .. ..... You could see an eight-headed meat hydra (ally
target), a destroyer, 2 sculptors of flesh, a large bag of meat (inner flame), 4
meat berserkers, 2 bags of meat, a friendly phantasmal warrior (summoned) and a
friendly mana viper (summoned).

Vanquished Creatures
  2 vampire knights (D)
  7 ogres (D)
  2 two-headed ogres (D)
  13 orcs (D)
  A skeletal warrior (D)
25 creatures vanquished.

Notes
Turn   | Place    | Note
-------+----------+-------------------------------------------
     0 | D        | Found the +∞ Axe of Woe
     0 | D        | NinjaNoafa the Djinni Gladiator began the quest for the
                  | Orb.
     0 | D        | Reached XP level 1. HP: 18/18 MP: 0/0
     0 | D        | Noticed a meat berserker
     2 | D        | Noticed a meat berserker
     2 | D        | Noticed a bag of meat
     3 | D        | Noticed a bag of meat
     4 | D        | Became a worshipper of Makhleb the Destroyer
     4 | D        | Noticed a meat berserker
     4 | D        | Noticed a bag of meat
     5 | D        | Noticed a bag of meat
     6 | D        | Killed a meat berserker
     6 | D        | Noticed a bag of meat
     7 | D        | Reached skill level 15 in Fighting
     7 | D        | Reached XP level 2. HP: 43/43 MP: 0/0
     7 | D        | Reached XP level 3. HP: 49/49 MP: 0/0
     7 | D        | Learned a level 1 spell: Kiss of Death
     7 | D        | Reached XP level 4. HP: 55/55 MP: 0/0
     7 | D        | Reached XP level 5. HP: 60/60 MP: 0/0
     7 | D        | Learned a level 2 spell: Passwall
     7 | D        | Reached XP level 6. HP: 67/67 MP: 0/0
     7 | D        | Reached XP level 7. HP: 72/72 MP: 0/0
     7 | D        | Learned a level 3 spell: Hailstorm
     7 | D        | Reached XP level 8. HP: 78/78 MP: 0/0
     7 | D        | Reached XP level 9. HP: 84/84 MP: 0/0
     7 | D        | Learned a level 3 spell: Stone Arrow
     7 | D        | Reached XP level 10. HP: 90/90 MP: 0/0
     7 | D        | Reached XP level 11. HP: 95/95 MP: 0/0
     7 | D        | Learned a level 5 spell: Borgnjor's Vile Clutch
     7 | D        | Reached XP level 12. HP: 103/103 MP: 0/0
     7 | D        | Killed a meat berserker
     7 | D        | Reached * piety under Makhleb
     7 | D        | Killed a bag of meat
     7 | D        | Noticed a bag of meat
     7 | D        | Noticed a bag of meat
     7 | D        | Noticed a bag of meat
     8 | D        | Reached skill level 15 in Axes
     8 | D        | Reached skill level 15 in Throwing
     8 | D        | Reached XP level 13. HP: 115/115 MP: 0/0
     8 | D        | Learned a level 5 spell: Summon Mana Viper
     8 | D        | Reached XP level 14. HP: 121/121 MP: 0/0
     8 | D        | Killed a bag of meat
     9 | D        | Killed a meat berserker
     9 | D        | Reached ** piety under Makhleb
     9 | D        | Killed a bag of meat
     9 | D        | Killed a bag of meat
     9 | D        | Noticed a bag of meat
     9 | D        | Noticed a bag of meat
    10 | D        | Reached XP level 15. HP: 135/135 MP: 0/0
    10 | D        | Learned a level 6 spell: Eringya's Noxious Bog
    12 | D        | Reached *** piety under Makhleb
    13 | D        | Reached skill level 5 in Spellcasting
    13 | D        | Noticed a meat berserker
    15 | D        | Reached skill level 10 in Invocations
    15 | D        | Reached XP level 16. HP: 141/141 MP: 0/0
    16 | D        | Reached skill level 10 in Spellcasting
    17 | D        | Reached **** piety under Makhleb
    18 | D        | Reached skill level 15 in Invocations
    18 | D        | Noticed a meat berserker
    20 | D        | Killed a meat berserker
    21 | D        | Reached XP level 17. HP: 148/148 MP: 0/0
    21 | D        | Learned a level 7 spell: Summon Hydra
    22 | D        | Noticed a meat berserker
    23 | D        | Reached skill level 15 in Spellcasting
    23 | D        | Killed a meat berserker
    23 | D        | Noticed a large bag of meat
    24 | D        | Reached ***** piety under Makhleb
    24 | D        | Noticed a destroyer
    24 | D        | Noticed a destroyer
    26 | D        | Reached XP level 18. HP: 154/154 MP: 0/0
    26 | D        | Killed a destroyer
    27 | D        | Noticed a large bag of meat
    28 | D        | Reached skill level 27 in Invocations
    28 | D        | Noticed a meat berserker
    29 | D        | Killed a meat berserker
    30 | D        | Reached XP level 19. HP: 160/160 MP: 0/0
    30 | D        | Learned a level 7 spell: Haunt
    30 | D        | Noticed a sculptor of flesh
    30 | D        | Killed a large bag of meat
    31 | D        | Killed a destroyer
    31 | D        | Noticed a meat berserker
    31 | D        | Noticed a meat berserker
    32 | D        | Reached skill level 27 in Spellcasting
    32 | D        | Killed a meat berserker
    32 | D        | Reached ****** piety under Makhleb
    32 | D        | Noticed a large bag of meat
    33 | D        | Noticed a sculptor of flesh
    33 | D        | Noticed a sculptor of flesh
    33 | D        | Noticed an eight-headed meat hydra
    33 | D        | Noticed a large bag of meat
    35 | D        | Killed a large bag of meat
    35 | D        | Killed a sculptor of flesh
    35 | D        | Noticed a destroyer
    35 | D        | Noticed a meat berserker
    36 | D        | Reached skill level 27 in Dodging
    36 | D        | Reached XP level 20. HP: 163/174 MP: 0/0
    36 | D        | Noticed a destroyer
    36 | D        | Noticed a meat berserker
    37 | D        | Mangled by a meat berserker

Illustrated notes

Levels and vault maps discovered:
D:        meatsprint

Skill      XL: |  1  2  3  4  5  6  7  8  9 10 11 12 13 14 15 16 17 18 19 |
---------------+----------------------------------------------------------+-----
Fighting       | 15 18 21 24 | 24.5
Axes           | 13 15 18 24 | 24.4
Throwing       | 13 15 18 19 | 19.5
Dodging        | 16 20 23 27 | 27.0
Spellcasting   | 8 14 19 24 27 | 27.0
Invocations    | 10 18 24 27 | 27.0

Action                   |  1- 3 |  4- 6 |  7- 9 | 10-12 | 13-15 | 16-18 | 19-21 || total
-------------------------+-------+-------+-------+-------+-------+-------+-------++-------
Melee: Executioner's axe |     1 |       |       |     1 |     4 |    10 |     4 ||    20
 Cast: Hailstorm         |       |       |       |       |     1 |       |       ||     1
       Stone Arrow       |       |       |       |       |       |     1 |       ||     1
       Eringya's Noxious |       |       |       |       |       |     1 |       ||     1
       Summon Mana Viper |       |       |       |       |       |       |     1 ||     1
       Haunt             |       |       |       |       |       |       |     1 ||     1
Dodge: Dodged            |     1 |       |       |       |       |       |       ||     1

Table legend: (Time is in decaauts)
 A = Elapsed time spent in this place.
 B = Non-inter-level travel time spent in this place.
 C = Inter-level travel time spent in this place.
 D = Time resting spent in this place.
 E = Time spent auto-exploring this place.
 F = Levels seen in this place.
 G = Mean time per level.
                   A        B        C        D        E       F      G
               +--------+--------+--------+--------+--------+-----+--------+
         Total |     36 |     36 |      0 |      0 |      0 |   1 |   36.0 |
       Dungeon |     36 |     36 |      0 |      0 |      0 |   1 |   36.0 |
               +--------+--------+--------+--------+--------+-----+--------+

Top non-repeatable levels by time:
       D: 36 daAuts
